 Dungeon Crawl Stone Soup version 0.30-a0-458-g86641cc369 (webtiles) character file.

Game seed: 8218580561681455764

4 zishaf the Sneak (level 1, -1/11 HPs)
             Began as a Vine Stalker Brigand on Dec 14, 2022.
             Frozen to death by an endoplasm (2 damage)
             ... on level 1 of the Dungeon.
             The game lasted 00:00:17 (90 turns).

zishaf the Sneak (Vine Stalker Brigand)               Turns: 90, Time: 00:00:18

Health: -1/11      AC:  3    Str: 13    XL:     1   Next: 60%
Magic:  0/2        EV: 11    Int: 11    God:
Gold:   8          SH:  0    Dex: 15    Spells: 0/0 levels left

rFire   . . .      SeeInvis .    a - +2 dagger
rCold   . . .      Faith    .    (no shield)
rNeg    . . .      Spirit   +    b - +0 robe
rPois   .          Reflect  .    (no helmet)
rElec   .          Harm     .    c - +0 cloak
rCorr   .          Rampage  .    (no gloves)
Will    .....                    (no boots)
Stlth   +++.......               (no amulet)
HPRegen 0.21/turn                (no ring)
MPRegen 0.08/turn                (no ring)

@: no status effects
A: fangs 2, magic shield, antimagic bite, no potion heal 2
a: no special abilities


You were on level 1 of the Dungeon.
You visited 1 branch of the dungeon, and saw 1 of its levels.

You collected 8 gold pieces.

Inventory:

Hand Weapons
 a - a +2 dagger (weapon)
Missiles
 d - 9 poisoned darts (quivered)
 e - 3 curare-tipped darts
Armour
 b - a +0 robe (worn)
 c - a +0 cloak (worn)


   Skills:
 + Level 1.8 Fighting
 + Level 1.8 Short Blades
 + Level 1.8 Throwing
 + Level 0.9 Dodging
 + Level 4.9 Stealth


You couldn't memorise any spells.
You didn't know any spells.
Your spell library was empty.

Dungeon Overview and Level Annotations

Branches:
Dungeon (1/15)

Altars:


Innate Abilities, Weirdness & Mutations

You have extremely sharp teeth.
When hurt, damage is shared between your health and your magic reserves.
Your bite disrupts and absorbs the magic of your enemies.
Potions cannot restore your health.


Message History

The kobold attacks as you move away! The kobold hits you with a +0 dagger.
* * * LOW HITPOINT WARNING * * *
The kobold attacks as you move away! The kobold hits you with a +0 dagger.
* * * LOW HITPOINT WARNING * * *
The endoplasm quivers.
The goblin hits you but does no damage. The goblin attacks as you move away!
The goblin hits you but does no damage.
You hit the rat.
You kill the rat!
You hit the goblin.
The goblin is moderately wounded.
The goblin hits you with a +0 dagger.
* * * LOW HITPOINT WARNING * * *
You hit the goblin. Your bite misses the goblin.
The goblin is heavily wounded.
The goblin closely misses you.
You barely miss the goblin. Your bite misses the goblin.
The goblin is heavily wounded.
The goblin hits you but does no damage.
You hit the goblin.
You kill the goblin!
You miss the kobold.
The kobold is heavily wounded.
The kobold misses you.
You hit the kobold.
The kobold is severely wounded.
You hit the kobold but do no damage. You punch the kobold.
You kill the kobold!
You barely miss the kobold. Your bite misses the kobold.
The kobold hits you with a +0 short sword.
* * * LOW HITPOINT WARNING * * *
You barely miss the kobold. The kobold barely misses you.
You hit the kobold but do no damage. You bite the kobold, but do no damage.
The kobold hits you but does no damage.
You hit the kobold.
You kill the kobold!
You hit the endoplasm but do no damage. The endoplasm freezes you.
You are frozen.
You die...

#......J.. #.........
#.!....... ###
#......... ####⌠####
#..)......
##.......###.########
##.#######.##..#
##.##.....##.##J#
#.##.#####.##.#@##
#.#.##...##.##...#
##.#.#.###.##.#...#
#⌠.#.#.#⌠#..#.##..#
##.#.#....#.#..#..#
#.#..#⌠#.#.##<####
#.##(###.##.###
##.##.... #.⌠#
##.#######.##


You could see an endoplasm.

Vanquished Creatures
  A goblin (D:1)
  2 kobolds (D:1)
  A rat (D:1)
4 creatures vanquished.

Notes
Turn   | Place    | Note
-------+----------+-------------------------------------------
     0 | D:1      | zishaf the Vine Stalker Brigand began the quest for the
                  | Orb.
     0 | D:1      | Reached XP level 1. HP: 11/11 MP: 2/2
    90 | D:1      | Frozen to death by an endoplasm

Illustrated notes

Levels and vault maps discovered:
D:1:      nagdon_arrival_double_spiral, layout_basic,
          dreamdust_ecumenical_altar_grove, serial_shops, nicolae_shop_stone,
          serial_bayou_pond_c

Action                   || total
-------------------------++-------
Melee: Dagger            ||    19
       Punch             ||     1
       Bite              ||     1
Armor: Robe              ||     5
Dodge: Dodged            ||    12

Table legend: (Time is in decaauts)
 A = Elapsed time spent in this place.
 B = Non-inter-level travel time spent in this place.
 C = Inter-level travel time spent in this place.
 D = Time resting spent in this place.
 E = Time spent auto-exploring this place.
 F = Levels seen in this place.
 G = Mean time per level.
                   A        B        C        D        E       F      G
               +--------+--------+--------+--------+--------+-----+--------+
         Total |     88 |     88 |      0 |      0 |     62 |   1 |   88.0 |
       Dungeon |     88 |     88 |      0 |      0 |     62 |   1 |   88.0 |
               +--------+--------+--------+--------+--------+-----+--------+

Top non-repeatable levels by time:
     D:1: 88 daAuts
